 Dungeon Crawl Stone Soup version 0.28.0-53-g5a82cb258f (webtiles) character file.

Game seed: 14565747578220088867

3156 CryoSword the Cleaver (level 9, -18/68 HPs)
             Began as a Demonspawn Fighter on May 25, 2022.
             Was a Follower of Makhleb.
             Killed from afar by an acid dragon (36 damage)
             ... with a splash of acid
             ... on level 7 of the Dungeon.
             The game lasted 00:10:48 (7930 turns).

CryoSword the Cleaver (Demonspawn Fighter)          Turns: 7930, Time: 00:10:49

Health: -18/68     AC:  6    Str: 19    XL:     9   Next: 62%
Magic:  12/12      EV: 13    Int: 10    God:    Makhleb [*.....]
Gold:   345        SH:  5    Dex: 14    Spells: 8/8 levels left

rFire   . . .      SeeInvis .   e - +3 war axe (flame)
rCold   . . .      Faith    .   c - +0 buckler
rNeg    . . .      Spirit   .   o - +2 robe {Will+}
rPois   .          Reflect  .   p - +0 helmet
rElec   .          Harm     .   d - +0 cloak
rCorr   .          Rampage  .   h - +1 pair of gloves
Will    +....                   i - +0 pair of boots
Stlth   +.........              (no amulet)
HPRegen 0.21/turn               (no ring)
MPRegen 0.13/turn               (no ring)

@: corroded, invisible
A: powered by death 2, powered by pain 1, sharp scales 1
a: Renounce Religion


You were on level 7 of the Dungeon.
You worshipped Makhleb.
Makhleb was aware of your devotion.
You visited 2 branches of the dungeon, and saw 8 of its levels.

You collected 345 gold pieces.

Inventory:

Hand Weapons
 e - a +3 war axe of flaming (weapon)
   (You took it off an orc on level 3 of the Dungeon)
 y - the +8 arc blade {discharge, rElec}
   (You found it on level 7 of the Dungeon)

   It occasionally unleashes powerful arcs of lightning upon striking a foe.
   These may arc to other adjacent creatures (including the wielder, but dealing
   reduced damage to them) before grounding out.
   rElec:     It insulates you from electricity.
Missiles
 v - 3 boomerangs
 w - 9 poisoned darts
Armour
 b - a +0 scale mail
 c - a +0 buckler (worn)
 d - a +0 cloak (worn)
   (You took it off Crazy Yiuf on level 3 of the Dungeon)
 h - a +1 pair of gloves (worn)
   (You found it on level 3 of the Dungeon)
 i - a +0 pair of boots (worn)
   (You found it on level 2 of the Dungeon)
 o - a +2 robe of willpower (worn)
   (You found it on level 4 of the Dungeon)
 p - a +0 helmet (worn)
   (You took it off Robin on level 4 of the Dungeon)
Wands
 g - a wand of digging (6)
   (You found it on level 2 of the Dungeon)
 u - a wand of iceblast (6) (quivered)
   (You found it on level 5 of the Dungeon)
Scrolls
 j - a scroll of fog
 n - a scroll of blinking {unknown}
 q - a scroll of silence {unknown}
 r - a scroll of teleportation {unknown}
 s - 2 scrolls of magic mapping {unknown}
 t - a scroll of identify {@r1}
 x - a scroll of holy word {unknown}
Potions
 a - a potion of brilliance {unknown}
 f - 2 potions of resistance {unknown}
 l - 2 potions of curing {@q1}
 m - a potion of mutation {!q}
 z - a potion of lignification {unknown}


   Skills:
 - Level 5.2 Fighting
 + Level 3.3 Short Blades
 - Level 8.1 Axes
 - Level 2.6 Armour
 - Level 4.6 Dodging
 - Level 6.2 Shields
 - Level 4.0 Invocations


You had 8 spell levels left.
You didn't know any spells.
Your spell library contained the following spells:

 Spells                   Type           Power      Damage    Failure   Level
 Corpse Rot               Necr/Air       0%         N/A       58%         2
 Ozocubu's Armour         Ice            0%         N/A       82%         3
 Dispel Undead            Necr           0%         3d6       99%         4
 Fulminant Prism          Conj/Hex       0%         3d6       99%         4
 Iskenderun's Mystic Bla  Conj/Tloc      0%         2d3       99%         4
 Lee's Rapid Deconstruct  Erth           0%         3d5*      100%        5
 Death Channel            Necr           0%         N/A       100%        6
 Ozocubu's Refrigeration  Ice            0%         4d5       100%        7


Dungeon Overview and Level Annotations

Branches:
Dungeon (7/15)             Temple (1/1) D:5

Altars:
Cheibriados
Dithmenos
Fedhas
Gozag
Hepliaklqana
Kikubaaqudgha
Makhleb
Nemelex Xobeh
Okawaru
Ru
Sif Muna
Trog
Uskayaw
Wu Jian
Xom
Yredelemnul
Zin


Innate Abilities, Weirdness & Mutations

You regenerate health from kills.
You sometimes gain a little power by taking damage.
You are partially covered in razor-sharp scales. (AC +1, Slay +1)


Message History

You pick up a book of Blasting and begin reading...
You add the spells Fulminant Prism, Iskenderun's Mystic Blast and Lee's Rapid Deconstruction to your library.
You now have 345 gold pieces (gained 15).
An acid dragon comes into view.
Found a shimmering altar of Xom.
Found an escape hatch in the floor.
The acid dragon spits acid at you. The splash of acid hits you!!
You focus on the pain.
You feel agile all of a sudden.
You hear a shout! x4
An acid dragon is nearby!
An acid dragon is nearby!
An acid dragon is nearby! 2 crimson imps come into view.
A crimson imp is wielding a +2 dagger of chaos.
The crimson imp shouts! x2
The acid dragon spits acid at you. The splash of acid hits you!
The acid corrodes you!
The teleport trap disappears.
The crimson imp disappears!
The crimson imp enters a dispersal trap!
The acid dragon blinks!
The crimson imp blinks!
You blink.
The crimson imp moves out of view. x2
The crimson imp blinks!
There is an escape hatch in the ceiling here.
You are no longer corroded.
A mysterious force pulls you upwards. The hatch slams shut behind you.
You start resting.
You feel a little less agile now.
You start resting.
There is a stone staircase leading down here.
You climb downwards.
There is a stone staircase leading up here.
Found a mace.
A bullfrog comes into view.
The bullfrog croaks.
A bullfrog is nearby!
A bullfrog is nearby!
You slash the bullfrog! You burn the bullfrog.
The bullfrog hits you but does no damage.
The bullfrog hits you.
You miss the bullfrog. The bullfrog completely misses you.
You block the bullfrog's attack.
You hit the bullfrog. You burn the bullfrog.
You kill the bullfrog!
Makhleb accepts your kill.
No target in view!
A crimson imp comes into view.
A crimson imp is nearby!
A crimson imp is nearby!
A crimson imp is nearby!
No target in view!
No target in view!
The crimson imp shouts!
You hear a shout! x2; The crimson imp shouts!
An orc comes into view. It is wielding a +0 short sword.
The orc shouts!
The crimson imp shouts!
The crimson imp puffs mist at you.
The crimson imp hits you but does no damage.
You barely miss the crimson imp. You slash the crimson imp!
The crimson imp barely misses you. The crimson imp completely misses you.
You slash the crimson imp!
You kill the crimson imp!
Makhleb accepts your kill.
You hit the crimson imp. You block the crimson imp's attack.
You miss the crimson imp.
The crimson imp shouts!
The crimson imp puffs mist at you.
The crimson imp blinks!
You closely miss the orc. The orc closely misses you.
You miss the crimson imp. You slash the orc! You burn the orc.
You kill the orc!
Makhleb accepts your kill. The crimson imp misses you.
You barely miss the crimson imp. You slash the crimson imp!
You hit the crimson imp but do no damage.
The crimson imp blinks!
The crimson imp hits you but does no damage.
You block the crimson imp's attack.
You barely miss the crimson imp. You hit the crimson imp.
The crimson imp blinks!
The crimson imp barely misses you. The crimson imp closely misses you.
You barely miss the crimson imp. You hit the crimson imp.
The crimson imp blinks!
You block the crimson imp's attack.
You closely miss the crimson imp. You block the crimson imp's attack.
You slash the crimson imp!
You kill the crimson imp!
Makhleb accepts your kill.
Your Short Blades skill increases to level 3!
The crimson imp hits you but does no damage.
You closely miss the crimson imp.
The crimson imp laughs crazily.
The crimson imp barely misses you.
You miss the crimson imp. You hit the crimson imp.
The crimson imp blinks! x2
The crimson imp shouts, "Quit, thou fawning fool-born dingleberry!"
The crimson imp barely misses you.
You hit the crimson imp. The crimson imp closely misses you.
You barely miss the crimson imp. The crimson imp closely misses you.
You closely miss the crimson imp.
The crimson imp hits you but does no damage.
You slice the crimson imp!!
You kill the crimson imp!
Makhleb accepts your kill.
The crimson imp disappears for a moment.
You barely miss the crimson imp. You block the crimson imp's attack.
You closely miss the crimson imp. You block the crimson imp's attack.
You barely miss the crimson imp.
The crimson imp hits you but does no damage.
You hit the crimson imp.
The crimson imp hits you but does no damage. x2
You barely miss the crimson imp. The crimson imp barely misses you.
You slash the crimson imp!
The crimson imp hits you but does no damage.
You hit the crimson imp but do no damage.
The crimson imp closely misses you.
You closely miss the crimson imp.
The crimson imp hits you but does no damage.
You closely miss the crimson imp. The crimson imp misses you.
You slash the crimson imp!
You kill the crimson imp!
Makhleb accepts your kill.
No target in view!
No target in view!
No target in view!
No target in view!
An acid dragon is nearby!
An acid dragon is nearby!
The acid dragon roars!
You hear a shout!
You hit the acid dragon but do no damage.
The acid dragon bites you. You block the acid dragon's attack.
You completely miss the acid dragon. The acid dragon spits acid at you.
The splash of acid hits you!! The acid corrodes you!
You hit the acid dragon but do no damage.
The acid dragon bites you!
* * * LOW HITPOINT WARNING * * *
You block the acid dragon's attack.
You barely miss the acid dragon.
A kobold comes into view. It is wielding a +0 short sword.
The acid dragon bites you!
* * * LOW HITPOINT WARNING * * *
The acid dragon claws you.
* * * LOW HITPOINT WARNING * * *
You fade into invisibility!
The acid dragon barely misses you. The acid dragon misses you.
You strike the helpless acid dragon from behind!
You slash the acid dragon! You burn the acid dragon.
The acid dragon spits acid at you. The splash of acid hits you!!!
Ouch! That really hurt!
You die...

#.#.####.#####..#####.##..#####.#
.........# #.........#..........
#.#.###..####...##########.####.#
#.#...#......÷..#######..........
#.#.#.#.######.).................
....)............#..###.#....###.
..................>÷............
....<............D............##
#####.#.........@#..............
........#.#.###..#.#D.........#..
######.##.#.# #..#.......#.######
#..#.#.###..###.###.#...
##.#.#........#.# #.#####
#...#..#.....#.# #.# §# #
##..#.)#.<...#.###.##^#§#
+...#))....#...†....#...#..
##.##.##.#.....###..D._5'.>


You could see an acid dragon (catching breath).

Vanquished Creatures
  Sigmund (D:3)
  Edmund (D:5)
  3 sky beasts (D:6)
  A black bear (D:5)
  3 ice beasts
  A hornet zombie (D:6)
  3 necrophages
  2 ogres (D:6)
  A kobold brigand (D:7)
  4 bullfrogs
  4 scorpions
  2 water moccasin zombies
  A water moccasin skeleton (D:5)
  4 crimson imps (D:7)
  A bullfrog zombie (D:6)
  3 jellies (D:2)
  A centaur skeleton (D:6)
  3 orc priests
  Crazy Yiuf (D:3)
  A hound (D:5)
  Jessica (D:2)
  Natasha (thrice) (D:2)
  Terence (D:2)
  An iguana (D:7)
  2 orc wizards
  A hound skeleton (D:4)
  Robin (D:4)
  A howler monkey zombie (D:7)
  11 gnolls
  7 adders
  2 white imps (D:6)
  2 worms (D:2)
  3 dart slugs
  28 orcs
  6 ball pythons
  10 endoplasms (D:2)
  A giant cockroach (D:1)
  13 goblins
  10 hobgoblins
  5 jackals
  A quokka (D:5)
  6 bats
  2 frilled lizards
  15 kobolds
  A quokka skeleton (D:4)
  5 rats
180 creatures vanquished.

Vanquished Creatures (others)
  9 fungi
  10 toadstools (D:2)
19 creatures vanquished.

Grand Total: 199 creatures vanquished

Notes
Turn   | Place    | Note
-------+----------+-------------------------------------------
     0 | D:1      | CryoSword the Demonspawn Fighter began the quest for the
                  | Orb.
     0 | D:1      | Reached XP level 1. HP: 18/18 MP: 1/1
    63 | D:1      | Reached skill level 2 in Axes
   234 | D:1      | Gained mutation: You regenerate a little health from kills.
                  | [demonic ancestry]
   234 | D:1      | Reached XP level 2. HP: 23/24 MP: 2/2
   870 | D:2      | Gained mutation: You sometimes gain a little power by
                  | taking damage. [demonic ancestry]
   870 | D:2      | Reached XP level 3. HP: 9/29 MP: 3/3
  1094 | D:1      | Reached skill level 3 in Axes
  1407 | D:2      | HP: 1/29 [poisoned by an adder]
  1415 | D:2      | Gained mutation: You are partially covered in razor-sharp
                  | scales. (AC +1, Slay +1) [demonic ancestry]
  1415 | D:2      | Reached XP level 4. HP: 19/35 MP: 4/4
  1589 | D:2      | Noticed Natasha
  1598 | D:2      | Killed Natasha
  1761 | D:2      | Noticed Jessica
  1763 | D:2      | Killed Jessica
  1789 | D:2      | Noticed Terence
  1810 | D:2      | Killed Terence
  1811 | D:2      | Reached skill level 4 in Axes
  1811 | D:2      | Reached XP level 5. HP: 39/41 MP: 5/5
  2199 | D:2      | Noticed Natasha
  2205 | D:2      | Killed Natasha
  2387 | D:2      | Reached XP level 6. HP: 19/47 MP: 6/6
  2771 | D:2      | Noticed Natasha
  2780 | D:2      | Killed Natasha
  3022 | D:2      | Reached skill level 5 in Axes
  3571 | D:3      | Reached XP level 7. HP: 40/52 MP: 7/7
  3688 | D:3      | Noticed Sigmund
  3713 | D:3      | Killed Sigmund
  3714 | D:3      | Reached skill level 6 in Axes
  4463 | D:3      | Found a runed translucent door.
  4464 | D:3      | Noticed Crazy Yiuf
  4829 | D:3      | Killed Crazy Yiuf
  4830 | D:3      | Reached skill level 5 in Shields
  5063 | D:4      | Found an opulent altar of Gozag.
  5118 | D:4      | Noticed Robin
  5128 | D:4      | Killed Robin
  5269 | D:4      | Found a hide-covered altar of Uskayaw.
  5398 | D:5      | Entered Level 5 of the Dungeon
  5410 | D:5      | Reached skill level 1 in Dodging
  5426 | D:5      | Gained mutation: You regenerate health from kills. [demonic
                  | ancestry]
  5426 | D:5      | Reached XP level 8. HP: 52/60 MP: 8/8
  5501 | D:5      | Found a staircase to the Ecumenical Temple.
  5510 | Temple   | Entered the Ecumenical Temple
  5844 | Temple   | Became a worshipper of Makhleb the Destroyer
  5876 | D:5      | Reached skill level 7 in Axes
  5896 | D:5      | Reached skill level 1 in Invocations
  6029 | D:5      | Noticed Edmund
  6060 | D:5      | Killed Edmund
  6577 | D:6      | Reached XP level 9. HP: 55/67 MP: 11/11
  7045 | D:6      | Reached * piety under Makhleb
  7046 | D:6      | Reached skill level 5 in Fighting
  7072 | D:6      | Reached skill level 8 in Axes
  7163 | D:6      | Found a snail-covered altar of Cheibriados.
  7555 | D:7      | Found the +8 arc blade {discharge, rElec}
  7635 | D:7      | Reached skill level 1 in Short Blades
  7697 | D:7      | Found a shimmering altar of Xom.
  7930 | D:7      | Killed from afar by an acid dragon

Illustrated notes

Levels and vault maps discovered:
D:1:      saegor_arrival_simple_b, layout_basic
D:2:      cheibrodos_fertilizer, layout_loops_corners, minmay_surrounded,
          uniq_jessica, uniq_terence, uniq_natasha
D:3:      layout_basic, hangedman_abyss_or_decor_lesser_grid,
          uniq_crazy_yiuf_cottage, uniq_sigmund
D:4:      layout_cave_pools, mainiacjoe_overflow_chevrons, kennysheep_mini,
          nicolae_uskayaw_murder_on_the_dancefloor, uniq_robin
D:5:      layout_basic, minmay_temple_entry_mini_moons, uniq_edmund
D:6:      layout_basic, kennysheep_slug_shrine, minivault_27
D:7:      layout_basic, elyvilon_altar_4, led_xom_imps, roderic_batcave
Temple:   hc_temple_tempest_star

Skill      XL: |  1  2  3  4  5  6  7  8  9 |
---------------+----------------------------+-----
Axes           | 2 3 4 5 6 7 8 |  8.1
Shields        | 3 4 5 6 |  6.2
Dodging        | 1 3 4 |  4.6
Fighting       | 4 5 |  5.2
Invocations    | 3 4 |  4.0
Short Blades   | 3 |  3.3
Armour         | |  2.6

Action                   |  1- 3 |  4- 6 |  7- 9 || total
-------------------------+-------+-------+-------++-------
Melee: War axe           |    22 |    68 |   264 ||   354
       Dagger            |    51 |   106 |       ||   157
  Use: Potion            |     3 |       |     4 ||     7
       Scroll            |       |     4 |     1 ||     5
 Stab: Invisible         |       |       |     1 ||     1
Armor: Scale mail        |    33 |    79 |    14 ||   126
       Robe              |       |       |    78 ||    78
Dodge: Dodged            |    27 |    70 |   119 ||   216
Block: Buckler           |    17 |    33 |    55 ||   105
